AoeStats
← bullseyes

Hill Fort

506362994Analyzed
4v4 RM · 19d ago on Sep 13, 2026· 41m 42s· 8 players
Game mode
Random Map
Map size
Large (8 player)
Population
200
Speed
Normal
Resources
Standard
Victory
Conquest
Starting age
Dark Age
Ending age
Imperial Age
RankedLock teamsTeams togetherTeam positionsShared explorationLock speedFull tech treeHidden civsTurbo modeCheats
Victory
Defeat
🇨🇿 Britons · Czechia
1877
+6
🇦🇺 Burmese · Australia
1606
+16
🇧🇪 Koreans · Belgium
1576
+17
🇨🇳 Saracens · China
1514
+18
🇫🇮 Bengalis · Finland
1707
-18
🇩🇪 Goths · Germany
1642
-16
🇩🇰 Berbers · Denmark
1539
-12
🇫🇮 Italians · Finland
1514
-11
RogerRamjet
7:37 Loom
9:39 Feudal Age
10:16 Horse Collar
19:52 Castle Age
18:24 Forging
19:12 Scale Barding Armor
20:46 Bloodlines
20:37 Husbandry
20:20 Light Cavalry
23:22 Town Watch
24:51 Chain Barding Armor
28:13 Wheelbarrow
29:55 Heavy Plow
32:45 Hand Cart
37:36 Imperial Age
36:44 Iron Casting
36:01 Fletching
36:58 Caravan
37:20 Manipur Cavalry
37:53 Elite Battle Elephant
39:09 Plate Barding Armor
38:48 Howdah
39:46 Conscription
40:13 Ballistics
40:59 Blast Furnace
Velky kanec
10:47 Feudal Age
14:54 Castle Age
12:41 Horse Collar
13:35 Double-Bit Axe
15:50 Bow Saw
17:09 Wheelbarrow
16:30 Fletching
20:41 Bodkin Arrow
22:36 Loom
23:49 Crossbowman
24:34 Gold Mining
25:19 Heavy Plow
30:20 Imperial Age
28:02 Padded Archer Armor
29:07 Ballistics
28:40 Stone Mining
29:23 Hand Cart
29:04 Treadmill Crane
29:24 Town Watch
29:57 Leather Archer Armor
31:06 Gold Shaft Mining
30:23 Arbalester
31:05 Bracer
33:21 Chemistry
33:55 Two-Man Saw
33:28 Ring Archer Armor
33:55 Coinage
33:47 Masonry
33:28 Guard Tower
34:28 Siege Engineers
34:18 Arrowslits
35:11 Conscription
35:47 Architecture
35:45 Caravan
35:56 Guilds
36:52 Yeomen
37:33 Keep
38:26 Banking
38:59 Hoardings
42:04 Warwolf
G.E.M
6:32 Loom
9:35 Feudal Age
20:36 Castle Age
19:02 Horse Collar
19:22 Fletching
20:52 Crossbowman
22:51 Bodkin Arrow
25:21 Double-Bit Axe
27:58 Town Watch
28:38 Padded Archer Armor
31:12 Leather Archer Armor
32:12 Ballistics
33:57 Wheelbarrow
34:20 Forging
35:07 Heavy Plow
40:25 Imperial Age
40:14 Elite Skirmisher
bullseyes
10:45 Feudal Age
10:56 Loom
13:27 Fletching
13:53 Fletching
19:30 Horse Collar
23:59 Castle Age
23:31 Stone Mining
25:07 Double-Bit Axe
28:35 Bow Saw
28:40 Heavy Plow
29:23 Wheelbarrow
29:07 Gold Mining
29:55 Town Watch
31:03 Hand Cart
35:08 Imperial Age
33:17 Bodkin Arrow
33:28 Treadmill Crane
34:09 Ballistics
36:54 Chemistry
36:00 Siege Engineers
36:07 Scale Mail Armor
36:17 Forging
37:19 Conscription
37:00 Eupseong
37:21 Caravan
38:57 Bracer
39:17 Masonry
38:53 Arrowslits
40:15 Murder Holes
3409853472
10:45 Feudal Age
13:10 Loom
16:20 Castle Age
14:19 Double-Bit Axe
14:46 Horse Collar
16:23 Fishing Lines
17:22 Bow Saw
21:25 Town Watch
22:16 Wheelbarrow
22:44 Stone Mining
24:02 Gillnets
25:10 Stone Shaft Mining
26:08 Hand Cart
28:13 Fletching
30:01 Bodkin Arrow
35:29 Imperial Age
33:21 Padded Archer Armor
34:24 Leather Archer Armor
35:37 Ballistics
36:11 Bracer
36:34 Conscription
37:30 Elite Camel Archer
40:19 Ring Archer Armor
40:50 Chemistry
Red Eye Scorpio
0:26 Loom
9:02 Feudal Age
9:33 Man-at-Arms
17:20 Double-Bit Axe
17:37 Horse Collar
19:55 Fletching
22:52 Wheelbarrow
25:55 Castle Age
26:53 Bow Saw
26:49 Heavy Plow
27:10 Stone Mining
32:06 Fishing Lines
34:37 Sanctity
35:28 Gillnets
36:48 Hand Cart
42:15 Imperial Age
39:56 Squires
39:59 Scale Mail Armor
40:01 Anarchy
thaebS
10:54 Feudal Age
15:04 Castle Age
13:46 Double-Bit Axe
13:44 Horse Collar
14:39 Loom
16:09 Heavy Plow
16:20 Bow Saw
24:22 Wheelbarrow
24:00 Scale Barding Armor
23:50 Gold Mining
25:08 Bloodlines
27:41 Chain Barding Armor
28:33 Husbandry
28:52 Stone Mining
29:36 Forging
30:56 Hand Cart
34:54 Imperial Age
32:10 Town Watch
33:58 Iron Casting
33:13 Fletching
33:49 Ballistics
33:12 Treadmill Crane
33:42 Masonry
33:53 Ballistics
35:49 Stone Shaft Mining
35:20 Town Patrol
34:57 Cavalier
36:39 Plate Barding Armor
37:41 Blast Furnace
37:41 Bodkin Arrow
38:36 Light Cavalry
39:51 Hussar
King-Arthur
10:00 Feudal Age
12:01 Loom
15:49 Castle Age
14:11 Double-Bit Axe
14:31 Horse Collar
17:26 Bow Saw
20:40 Town Watch
24:03 Wheelbarrow
23:23 Gold Mining
29:06 Imperial Age
26:54 Scale Mail Armor
27:05 Forging
27:43 Hand Cart
28:27 Chain Mail Armor
28:50 Gold Shaft Mining
28:21 Heavy Plow
27:59 Pikeman
28:40 Squires
29:07 Halberdier
31:14 Fletching
31:02 Siege Elephant
32:42 Iron Casting
32:07 Bodkin Arrow
34:23 Ballistics
35:04 Chemistry
34:25 Onager
35:48 Siege Engineers
39:31 Bracer
Connection lost

Rejoining the realm…

Still unreachable

The connection could not be restored.

Session expired

The server has moved on; the page needs a fresh start.